 Dungeon Crawl Stone Soup version 0.30.1 (webtiles) character file.

Game seed: 9491774615173289913

79 tizbic2 the Covert (level 4, 0/32 HPs)
             Began as a Gnoll Wanderer on July 1, 2023.
             Was an Initiate of Gozag.
             Killed by nerve-wracking pain
             ... invoked by an orc priest
              (13 damage)
             ... on level 3 of the Dungeon.
             The game lasted 00:10:42 (1538 turns).

tizbic2 the Covert (Gnoll Wanderer)                 Turns: 1538, Time: 00:10:43

Health: 0/32       AC: 11    Str: 13    XL:     4   Next: 37%
Magic:  8/8        EV:  8    Int: 15    God:    Gozag
Gold:   238        SH:  0    Dex:  8    Spells: 8/9 levels left

rFire   . . .        k - +0 war axe
rCold   . . .        (no shield)
rNeg    . . .        o - +0 plate armour
rPois   .            (no helmet)
rElec   .            (no cloak)
rCorr   .            (no gloves)
SInv    .            (no boots)
Will    .....        (no amulet) Stlth
                     j - +5 ring of evasion
HPRegen 0.25/turn    (no ring)
MPRegen 0.11/turn

%: no passive effects
@: no status effects
A: fangs 1, strong nose, distributed training
a: Renounce Religion, Potion Petition, Call Merchant, Bribe Branch


You were on level 3 of the Dungeon.
You worshipped Gozag.
Gozag was aware of your devotion.
You visited 1 branch of the dungeon, and saw 3 of its levels.

You collected 238 gold pieces.

Inventory:

Hand Weapons
 k - a +0 war axe (weapon)
 u - a +0 spear
Missiles
 b - 7 atropa-tipped darts
 c - a datura-tipped dart
 d - 8 boomerangs (quivered)
 h - 40 stones
Armour
 e - a +0 ring mail
 l - a +0 chain mail
 o - a +0 plate armour (worn)
Magical Staves
 m - a staff of conjuration
Jewellery
 j - a +5 ring of evasion (left hand)
Wands
 a - a wand of polymorph (10)
Scrolls
 i - a scroll of identify {unknown}
 n - a scroll of enchant armour {unknown}
 q - a scroll of blinking {unknown}
 r - a scroll of fear {unknown}
 t - a scroll of fog {unknown}
Potions
 f - a potion of attraction
 g - 2 potions of lignification {unknown}
 p - 2 potions of heal wounds {unknown}
 s - a potion of haste {unknown}


   Skills:
 + Level 1.2 Fighting
 + Level 1.2 Short Blades
 + Level 1.2 Long Blades
 + Level 1.2 Axes
 + Level 1.2 Maces & Flails
 + Level 1.2 Polearms
 + Level 1.2 Staves
 + Level 1.2 Ranged Weapons
 + Level 2.8 Throwing
 + Level 2.8 Armour
 + Level 1.2 Dodging
 + Level 9.6 Stealth
 + Level 1.2 Shields
 + Level 1.2 Unarmed Combat
 + Level 3.0 Spellcasting
 + Level 1.0 Conjurations
 + Level 3.8 Hexes
 + Level 1.0 Summonings
 + Level 1.0 Necromancy
 + Level 1.0 Translocations
 + Level 1.0 Transmutations
 + Level 1.0 Fire Magic
 + Level 1.0 Ice Magic
 + Level 1.0 Air Magic
 + Level 1.0 Earth Magic
 + Level 1.0 Poison Magic
 + Level 1.3 Invocations
 + Level 1.2 Evocations


You had 8 spell levels left.
You knew the following spells:

 Your Spells              Type           Power      Damage    Failure   Level
a - Slow                  Hex            52%        N/A       99%         1

Your spell library contained the following spells:

 Spells                   Type           Power      Damage    Failure   Level
 Kiss of Death            Conj/Necr      20%        2d7       100%        1
 Magic Dart               Conj           20%        1d4       100%        1
 Searing Ray              Conj           10%        2d4       100%        2
 Call Canine Familiar     Summ           5%         N/A       100%        3
 Confusing Touch          Hex            13%        N/A       100%        3
 Portal Projectile        Hex/Tloc       18%        N/A       100%        3
 Summon Guardian Golem    Hex/Summ       9%         N/A       100%        3
 Dispel Undead            Necr           5%         3d7       100%        4
 Fulminant Prism          Conj/Hex       4%         3d5       100%        4
 Leda's Liquefaction      Hex/Erth       4%         N/A       100%        4


Dungeon Overview and Level Annotations

Branches:
Dungeon (3/15)

Altars:
Gozag


Innate Abilities, Weirdness & Mutations

You have very sharp teeth.
Your uncanny sense of smell can sniff out nearby items.
Your experience applies equally to all skills.


Message History

The orc priest completely misses you.
You slash the orc!
You kill the orc!
The orc priest casts a cantrip, but nothing happens.
Your Conjurations skill increases to level 1!
Your Summonings skill increases to level 1!
Your Necromancy skill increases to level 1!
Your Translocations skill increases to level 1!
Your Transmutations skill increases to level 1!
Your Fire Magic skill increases to level 1!
Your Ice Magic skill increases to level 1!
Your Air Magic skill increases to level 1!
Your Earth Magic skill increases to level 1!
Your Poison Magic skill increases to level 1!
Found a scroll labelled SUMPUR UTIFOIGG.
The orc priest closely misses you.
Found a scroll labelled RUCYIV OMOH.
Things that are here:
4 gold pieces; a +0 short sword You hit the orc priest.
The orc priest is almost dead.
The orc priest hits you with a +0 flail.
The orc priest miscasts a cantrip.
The orc priest closely misses you.
You barely miss the orc priest.
The orc priest is almost dead.
The orc priest hits you but does no damage.
You barely miss the orc priest. Your bite misses the orc priest.
The orc priest is almost dead.
The orc priest invokes the aid of Beogh against you.
Beogh smites you!
The orc priest hits you with a +0 flail.
The orc priest calls upon Beogh to heal the orc priest.
The orc priest is healed somewhat.
You barely miss the orc priest.
The orc priest is heavily wounded.
The orc priest calls down the wrath of Beogh upon you.
Pain shoots through your body!
You die...
Your body crumbles into a pile of gold. #.#.#. ?≈...≈. ###.#.## ≈≈§≈. #...#<.# # ..ooo

#.####.. #.
≈≈≈ #.# ###
#?. ... #.#
# #..##.#
##.# #
#...o# #..#
# #@# ###.##
#
#.######...#
#.##.....###
#.#..#####
### #.#.##
#.. ###.#.#
#.. #.....#
#.. #....##
#.. #....#
#..


You could see 3 orc priests and an orc.

Vanquished Creatures
  Ijyb (D:3)
  A worm (D:3)
  2 dart slugs
  2 orcs (D:3)
  2 endoplasms (D:1)
  2 giant cockroaches (D:1)
  5 goblins
  5 hobgoblins (D:1)
  4 jackals (D:1)
  4 ball pythons
  5 bats
  4 kobolds
  5 rats
  A butterfly (D:3)
43 creatures vanquished.

Notes
Turn   | Place    | Note
-------+----------+-------------------------------------------
     0 | D:1      | Reached skill level 9 in Stealth
     0 | D:1      | tizbic2 the Gnoll Wanderer began the quest for the Orb.
     0 | D:1      | tizbic2 set off with the following items: a +0 dagger, 2
                  | atropa-tipped darts, a datura-tipped dart, 9 boomerangs, a
                  | +0 dagger, a potion of attraction, a +0 robe; and the
                  | following spell memorised: Slow; and the following spells
                  | available to memorise: Summon Guardian Golem.
     0 | D:1      | Reached XP level 1. HP: 13/13 MP: 4/4
   142 | D:1      | Reached XP level 2. HP: 19/19 MP: 5/5
   238 | D:1      | Found a faded altar of an unknown god.
   257 | D:1      | Prayed at the altar of an unknown god.
   257 | D:1      | Became a worshipper of Gozag Ym Sagoz the Greedy
   599 | D:1      | Reached XP level 3. HP: 25/25 MP: 7/7
   876 | D:1      | Reached skill level 1 in Invocations
  1337 | D:3      | Noticed Ijyb
  1359 | D:3      | Killed Ijyb
  1360 | D:3      | Reached skill level 1 in Fighting
  1360 | D:3      | Reached skill level 1 in Short Blades
  1360 | D:3      | Reached skill level 1 in Long Blades
  1360 | D:3      | Reached skill level 1 in Axes
  1360 | D:3      | Reached skill level 1 in Maces & Flails
  1360 | D:3      | Reached skill level 1 in Polearms
  1360 | D:3      | Reached skill level 1 in Staves
  1360 | D:3      | Reached skill level 1 in Ranged Weapons
  1360 | D:3      | Reached skill level 1 in Dodging
  1360 | D:3      | Reached skill level 1 in Shields
  1360 | D:3      | Reached skill level 1 in Unarmed Combat
  1360 | D:3      | Reached skill level 1 in Evocations
  1360 | D:3      | Reached XP level 4. HP: 20/32 MP: 8/8
  1534 | D:3      | Reached skill level 1 in Conjurations
  1534 | D:3      | Reached skill level 1 in Summonings
  1534 | D:3      | Reached skill level 1 in Necromancy
  1534 | D:3      | Reached skill level 1 in Translocations
  1534 | D:3      | Reached skill level 1 in Transmutations
  1534 | D:3      | Reached skill level 1 in Fire Magic
  1534 | D:3      | Reached skill level 1 in Ice Magic
  1534 | D:3      | Reached skill level 1 in Air Magic
  1534 | D:3      | Reached skill level 1 in Earth Magic
  1534 | D:3      | Reached skill level 1 in Poison Magic
  1538 | D:3      | Killed from afar by an orc priest

Illustrated notes

Levels and vault maps discovered:
D:1:      dpeg_arrival_refuge, layout_basic, shapermc_ecumenical_altar_ellora
D:2:      layout_rooms
D:3:      layout_rooms, zin_angel, mainiacjoe_overflow_concentric_impassable,
          xom_butterflies, uniq_ijyb

Skill      XL: |  1  2  3  4 |
---------------+-------------+-----
Stealth        | |  9.6
Invocations    | 1 |  1.3
Fighting       | 1 |  1.2
Short Blades   | 1 |  1.2
Long Blades    | 1 |  1.2
Axes           | 1 |  1.2
Maces & Flails | 1 |  1.2
Polearms       | 1 |  1.2
Staves         | 1 |  1.2
Ranged Weapons | 1 |  1.2
Dodging        | 1 |  1.2
Shields        | 1 |  1.2
Unarmed Combat | 1 |  1.2
Spellcasting   | 3 |  3.0
Evocations     | 1 |  1.2
Conjurations   | 1 |  1.0
Summonings     | 1 |  1.0
Necromancy     | 1 |  1.0
Translocations | 1 |  1.0
Transmutations | 1 |  1.0
Fire Magic     | 1 |  1.0
Ice Magic      | 1 |  1.0
Air Magic      | 1 |  1.0
Earth Magic    | 1 |  1.0
Poison Magic   | 1 |  1.0
Throwing       | |  2.8
Armour         | |  2.8
Hexes          | |  3.8

Action                     |  1- 3 |  4- 6 || total
---------------------------+-------+-------++-------
  Melee: Dagger            |    17 |       ||    17
         Bite              |    13 |       ||    13
         Club              |    51 |       ||    51
         War axe           |    63 |    22 ||    85
         Punch             |     1 |       ||     1
  Throw: Boomerang         |    22 |       ||    22
   Cast: Slow              |     2 |       ||     2
   Stab: Sleeping          |     5 |       ||     5
 Armour: Robe              |     4 |       ||     4
         Ring mail         |    28 |       ||    28
         Leather armour    |     7 |       ||     7
         Skin              |    18 |       ||    18
         Plate armour      |     9 |    10 ||    19
  Dodge: Dodged            |   118 |    10 ||   128
